[Event "50th Ciudad Sevilla 2024"]
[Site "Sevilla"]
[Date "2025.01.14"]
[Round "5.9"]
[White "Del Rio De Angelis, Salvador G."]
[Black "Zhukenov, Aituar"]
[Result "1-0"]
[Annotator "RC"]
[ECO "E94"]
[WhiteElo "2403"]
[BlackElo "2235"]
[PlyCount "69"]
[EventDate "2025.01.10"]
[EventType "swiss"]
[EventCountry "ESP"]
[SourceTitle "playchess.com"]
[Source "ChessBase"]
[SourceQuality "1"]
[TimeControl "90+30"]

1. c4 Nf6 2. Nc3 g6 3. e4 d6 4. d4 Bg7 5. Nf3 O-O 6. Be2 e5 7. O-O Bg4 8. d5 a5 9. Bg5 Na6 10. Nd2 Bd7 11. a3 h6 12. Be3 Nh7 13. Rb1 f5 14. exf5 gxf5 15. f4 Qe7 16. Nf3 Rae8 17. Qd2 exf4 18. Bxf4 Nc5 19. Rbe1 Ne4 20. Qc1 Nxc3 21. bxc3 Qf6 22. Nd4 Ng5 23. Bxg5 hxg5 24. Bd3 f4 25. Qd1 Re5 26. Qh5 Rfe8 27. Ne6 R8xe6 28. dxe6 Qxe6 29. Rxe5 Qxe5 30. Qh7+ Kf8 31. h4 Qe3+ 32. Kh1 gxh4 33. Qxh4 Be5 34. Qd8+ Be8 35. Bg6 1-0

[Event "50th Ciudad Sevilla 2024"]
[Site "Sevilla"]
[Date "2025.01.14"]
[Round "5.10"]
[White "Song, Yuxin"]
[Black "Youssoupov, Moissei"]
[Result "1-0"]
[Annotator "RC"]
[ECO "B01"]
[WhiteElo "2384"]
[BlackElo "2177"]
[PlyCount "113"]
[EventDate "2025.01.10"]
[EventType "swiss"]
[EventCountry "ESP"]
[SourceTitle "playchess.com"]
[Source "ChessBase"]
[SourceQuality "1"]
[TimeControl "90+30"]

1. e4 d5 2. exd5 Qxd5 3. Nc3 Qa5 4. d4 Nf6 5. Nf3 Bf5 6. Bd2 c6 7. Bc4 Nbd7 8. O-O Qc7 9. Nh4 Bg6 10. Nxg6 hxg6 11. h3 Nb6 12. Bb3 Rd8 13. Ne2 e6 14. c4 c5 15. Ba4+ Nxa4 16. Qxa4+ Qd7 17. Qxa7 cxd4 18. Ba5 Rc8 19. Qxd4 Qxd4 20. Nxd4 Rxc4 21. Rfd1 Rh5 22. Nb3 Nd5 23. Rac1 Rxc1 24. Rxc1 Bd6 25. Bd2 b6 26. a4 Rh4 27. a5 bxa5 28. Nxa5 Rd4 29. Nc4 Be7 30. Kf1 f6 31. Ke2 e5 32. g3 g5 33. b3 e4 34. Ra1 Rd3 35. Ra5 Bb4 36. Rxd5 Rxd5 37. Bxb4 f5 38. Bd2 Rd3 39. Bxg5 Rxb3 40. h4 Kf7 41. Ne5+ Ke6 42. Ng6 Kf7 43. h5 Ra3 44. Be3 Ra1 45. Bd4 Ra3 46. Nh4 f4 47. gxf4 Rh3 48. Nf5 Rxh5 49. Nxg7 Rd5 50. Ke3 Rb5 51. Kxe4 Ra5 52. f5 Rb5 53. Ne6 Ra5 54. f4 Rb5 55. Ng5+ Kf8 56. f6 Ra5 57. Bc5+ 1-0

[Event "50th Ciudad Sevilla 2024"]
[Site "Sevilla"]
[Date "2025.01.14"]
[Round "5.11"]
[White "Bukal, Vladimir Jr."]
[Black "Aamodt, Peder Marcus"]
[Result "1/2-1/2"]
[Annotator "ChessBase"]
[ECO "D30"]
[WhiteElo "2356"]
[BlackElo "2082"]
[PlyCount "46"]
[EventDate "2025.01.10"]
[EventType "swiss"]
[EventCountry "ESP"]
[SourceTitle "playchess.com"]
[Source "ChessBase"]
[SourceQuality "1"]
[TimeControl "90+30"]

1. d4 d5 2. c4 e6 3. Nf3 c6 4. g3 dxc4 5. Bg2 b5 6. Ne5 Bb7 7. a4 a6 8. O-O Nf6 9. Nc3 Nd5 10. Ne4 Be7 11. h4 Nd7 12. b3 cxb3 13. Qxb3 O-O 14. Rd1 Nxe5 15. dxe5 Qc7 16. Nd6 Bxd6 17. exd6 Qxd6 18. Ba3 b4 19. e4 bxa3 20. exd5 cxd5 21. Qxb7 Rfb8 22. Bxd5 exd5 23. Qxd5 Qxd5 1/2-1/2

[Event "50th Ciudad Sevilla 2024"]
[Site "Sevilla"]
[Date "2025.01.14"]
[Round "5.12"]
[White "Marin, Mihail"]
[Black "Rodriguez Garcia, Manuel Francisco"]
[Result "1-0"]
[Annotator "RC"]
[ECO "A04"]
[WhiteElo "2431"]
[BlackElo "2136"]
[PlyCount "51"]
[EventDate "2025.01.10"]
[EventType "swiss"]
[EventCountry "ESP"]
[SourceTitle "playchess.com"]
[Source "ChessBase"]
[SourceQuality "1"]
[TimeControl "90+30"]

1. Nf3 c5 2. b3 Nf6 3. Bb2 Nc6 4. e3 e6 5. d4 Be7 6. Bd3 d6 7. O-O Qc7 8. c4 b6 9. Nc3 Bb7 10. d5 Ne5 11. Nxe5 dxe5 12. Nb5 Qb8 13. f4 exf4 14. exf4 Qc8 15. Bxf6 gxf6 16. dxe6 Rg8 17. exf7+ Kxf7 18. Qh5+ Kf8 19. Qh6+ Rg7 20. Rae1 Qg4 21. g3 Rd8 22. Nc7 Rd6 23. Bf5 Qxf5 24. Rxe7 Kxe7 25. Qxg7+ Kd8 26. Nb5 1-0

[Event "50th Ciudad Sevilla 2024"]
[Site "Sevilla"]
[Date "2025.01.14"]
[Round "5.13"]
[White "Morais, Miguel Almeida"]
[Black "Matamoros Franco, Carlos S."]
[Result "0-1"]
[Annotator "RC"]
[ECO "A56"]
[WhiteElo "2132"]
[BlackElo "2394"]
[PlyCount "78"]
[EventDate "2025.01.10"]
[EventType "swiss"]
[EventCountry "ESP"]
[SourceTitle "playchess.com"]
[Source "ChessBase"]
[SourceQuality "1"]
[TimeControl "90+30"]

1. d4 Nf6 2. c4 c5 3. d5 g6 4. Nc3 Bg7 5. e4 d6 6. Nf3 O-O 7. Be2 e6 8. O-O exd5 9. exd5 Bg4 10. h3 Bxf3 11. Bxf3 Nbd7 12. Bf4 Ne8 13. Be2 f5 14. Qc2 Ne5 15. Rae1 h6 16. Bd2 h5 17. b3 a6 18. Bd1 f4 19. Rxe5 dxe5 20. Qxg6 Rf6 21. Qxh5 Rh6 22. Qf3 Nd6 23. Ne4 b6 24. Bc2 Nf5 25. Qg4 Nd4 26. Bd3 Rh4 27. Qg6 Rh6 28. Qg4 Rh4 29. Qd1 Bh6 30. g3 Qc8 31. gxh4 Qxh3 32. f3 Kh8 33. Nf6 Qg3+ 34. Kh1 Qxh4+ 35. Kg2 Qxf6 36. Qe1 Rg8+ 37. Kh1 Rg3 38. Rf2 Qh4+ 39. Rh2 Qxh2+ 0-1

[Event "50th Ciudad Sevilla 2024"]
[Site "Sevilla"]
[Date "2025.01.14"]
[Round "5.14"]
[White "Lin, Yingrui"]
[Black "Ramon Perez, Jose Luis"]
[Result "1-0"]
[Annotator "ChessBase"]
[ECO "A20"]
[WhiteElo "2393"]
[BlackElo "2120"]
[PlyCount "97"]
[EventDate "2025.01.10"]
[EventType "swiss"]
[EventCountry "ESP"]
[SourceTitle "playchess.com"]
[Source "ChessBase"]
[SourceQuality "1"]
[TimeControl "90+30"]

1. c4 e5 2. g3 Nc6 3. Bg2 Bc5 4. Nc3 a6 5. e3 d6 6. Nge2 Ba7 7. O-O h5 8. d4 h4 9. b4 hxg3 10. fxg3 Bh3 11. Bxh3 Rxh3 12. d5 Nce7 13. Rxf7 Qd7 14. Qf1 O-O-O 15. Ne4 Rh5 16. Qf3 Rf5 17. Rxf5 Qxf5 18. Qxf5+ Nxf5 19. Kg2 Ngh6 20. h3 Rf8 21. c5 c6 22. dxc6 bxc6 23. g4 d5 24. Ng5 Nh4+ 25. Kg3 Ng6 26. e4 Bb8 27. Bd2 Rf6 28. h4 Nf7 29. Nh7 Re6 30. Rf1 Nf4 31. Nxf4 exf4+ 32. Bxf4 Ne5 33. exd5 cxd5 34. Rd1 Nc6 35. Bxb8 Kxb8 36. Rxd5 Nxb4 37. Rd7 Nxa2 38. Rxg7 Nc3 39. Nf8 Re3+ 40. Kf4 Nd5+ 41. Kg5 a5 42. Nd7+ Kc7 43. Nb6+ Kc6 44. Nxd5 Re5+ 45. Kg6 Rxd5 46. h5 Kxc5 47. h6 Rd6+ 48. Kh5 Kb6 49. Rg6 1-0

[Event "50th Ciudad Sevilla 2024"]
[Site "Sevilla"]
[Date "2025.01.14"]
[Round "5.15"]
[White "Gonzalez Gonzalez, Alfonso"]
[Black "Lohia, Sohum"]
[Result "0-1"]
[Annotator "RC"]
[ECO "A14"]
[WhiteElo "2094"]
[BlackElo "2367"]
[PlyCount "118"]
[EventDate "2025.01.10"]
[EventType "swiss"]
[EventCountry "ESP"]
[SourceTitle "playchess.com"]
[Source "ChessBase"]
[SourceQuality "1"]
[TimeControl "90+30"]

1. g3 Nf6 2. c4 e6 3. Bg2 d5 4. Nf3 Be7 5. O-O O-O 6. Qc2 d4 7. e3 c5 8. exd4 cxd4 9. d3 Nc6 10. a3 a5 11. Bg5 h6 12. Bxf6 Bxf6 13. Nbd2 Re8 14. c5 Be7 15. Rfe1 Qc7 16. Rac1 a4 17. Nc4 Bxc5 18. Nce5 Nxe5 19. Nxe5 Ra5 20. f4 Qd8 21. Qd2 f6 22. Bc6 Re7 23. Nc4 Ra7 24. Be4 b6 25. Qg2 Qe8 26. Bc6 Bd7 27. Bxd7 Qxd7 28. Nd2 Qb5 29. Nc4 Rac7 30. Qa8+ Qe8 31. Qe4 Qc6 32. Nd2 Qd5 33. Re2 Kf7 34. Rce1 Qxe4 35. Nxe4 f5 36. Nd2 b5 37. Re5 Rc6 38. Kg2 Kf6 39. Nf3 g5 40. Rc1 Rec7 41. Re2 Bb6 42. Rxc6 Rxc6 43. Ne5 Rc7 44. Kf2 gxf4 45. gxf4 Bc5 46. Nf3 Bd6 47. h3 Bxf4 48. Nxd4 Be5 49. Nxe6 Re7 50. d4 Rxe6 51. dxe5+ Rxe5 52. Rc2 Rd5 53. Kf3 Ke5 54. h4 Rd3+ 55. Ke2 Rb3 56. Kd1 f4 57. Rc6 Rxb2 58. Rxh6 f3 59. Ke1 b4 0-1

[Event "50th Ciudad Sevilla 2024"]
[Site "Sevilla"]
[Date "2025.01.14"]
[Round "5.16"]
[White "Starostits, Ilmars"]
[Black "Lasinskas, Povilas"]
[Result "0-1"]
[Annotator "RC"]
[ECO "E18"]
[WhiteElo "2364"]
[BlackElo "2099"]
[PlyCount "64"]
[EventDate "2025.01.10"]
[EventType "swiss"]
[EventCountry "ESP"]
[SourceTitle "playchess.com"]
[Source "ChessBase"]
[SourceQuality "1"]
[TimeControl "90+30"]

1. d4 Nf6 2. Nf3 b6 3. g3 Bb7 4. Bg2 e6 5. O-O Be7 6. c4 O-O 7. Nc3 d5 8. b3 Na6 9. Bb2 c5 10. e3 dxc4 11. bxc4 cxd4 12. exd4 Rc8 13. Qb3 Nb4 14. Rfd1 Nc6 15. Ne5 Na5 16. Qa4 Bxg2 17. Kxg2 Qc7 18. Rac1 Nxc4 19. Nxc4 Qxc4 20. Qxa7 Bb4 21. d5 Bxc3 22. Rxc3 Qe4+ 23. Rf3 Nxd5 24. Qa3 Rc2 25. Rd4 Qe2 26. Ra4 Rxb2 27. Ra8 Ne3+ 28. Kh3 Qf1+ 29. Kh4 Ng2+ 30. Kg4 h5+ 31. Kxh5 Qb5+ 32. Kg4 Qb4+ 0-1

[Event "50th Ciudad Sevilla 2024"]
[Site "Sevilla"]
[Date "2025.01.14"]
[Round "5.17"]
[White "Tahay, Alexis"]
[Black "Aeschbacher, Dimitri"]
[Result "1-0"]
[Annotator "RC"]
[ECO "A20"]
[WhiteElo "2364"]
[BlackElo "2095"]
[PlyCount "41"]
[EventDate "2025.01.10"]
[EventType "swiss"]
[EventCountry "ESP"]
[SourceTitle "playchess.com"]
[Source "ChessBase"]
[SourceQuality "1"]
[TimeControl "90+30"]

1. c4 e5 2. d3 f5 3. Nf3 d6 4. Nc3 Nf6 5. d4 e4 6. Ng1 Be7 7. Bg5 O-O 8. e3 a5 9. Nge2 h6 10. Bxf6 Bxf6 11. Nf4 g5 12. Nh5 Bh8 13. h4 Nd7 14. hxg5 hxg5 15. c5 Kf7 16. Bc4+ Ke8 17. Ng7+ Bxg7 18. Qh5+ Ke7 19. Nd5+ Ke6 20. Qg6+ Bf6 21. Nxf6+ 1-0

[Event "50th Ciudad Sevilla 2024"]
[Site "Sevilla"]
[Date "2025.01.14"]
[Round "5.18"]
[White "Pinho, Paulo"]
[Black "Navrotescu, Andreea"]
[Result "0-1"]
[Annotator "RC"]
[ECO "E12"]
[WhiteElo "2093"]
[BlackElo "2320"]
[PlyCount "70"]
[EventDate "2025.01.10"]
[EventType "swiss"]
[EventCountry "ESP"]
[SourceTitle "playchess.com"]
[Source "ChessBase"]
[SourceQuality "1"]
[TimeControl "90+30"]

1. d4 Nf6 2. c4 e6 3. Nf3 b6 4. a3 Bb7 5. Nc3 d5 6. Bg5 Be7 7. cxd5 Nxd5 8. Nxd5 Bxd5 9. Bxe7 Qxe7 10. e3 O-O 11. Rc1 Rc8 12. Bd3 c5 13. O-O Nd7 14. Qe2 Bxf3 15. Qxf3 cxd4 16. Qe4 Nf6 17. Qxd4 Rd8 18. Qc3 Qb7 19. Qc2 h5 20. Qe2 Rd5 21. Bb5 Rd6 22. Ba6 Qe7 23. h3 Rad8 24. Rc2 g6 25. Rfc1 Ne4 26. Qf3 Nc5 27. Bb5 Rd5 28. Be2 Rf5 29. Qc6 Qf6 30. b4 Nb3 31. Rf1 Nd2 32. Rd1 Rfd5 33. Qc3 Ne4 34. Qe1 Rxd1 35. Bxd1 Qa1 0-1

[Event "50th Ciudad Sevilla 2024"]
[Site "Sevilla"]
[Date "2025.01.14"]
[Round "5.19"]
[White "Ouellet, Maili-Jade"]
[Black "Iturbide Arnedo, Oscar"]
[Result "1-0"]
[Annotator "RC"]
[ECO "E49"]
[WhiteElo "2319"]
[BlackElo "2094"]
[PlyCount "46"]
[EventDate "2025.01.10"]
[EventType "swiss"]
[EventCountry "ESP"]
[SourceTitle "playchess.com"]
[Source "ChessBase"]
[SourceQuality "1"]
[TimeControl "90+30"]

1. d4 Nf6 2. c4 e6 3. Nc3 Bb4 4. e3 O-O 5. Bd3 d5 6. a3 Bxc3+ 7. bxc3 dxc4 8. Bxc4 c5 9. Ne2 Qc7 10. Bd3 b6 11. e4 Ba6 12. Bxa6 Nxa6 13. Bf4 Qc6 14. f3 Nh5 15. Be5 f6 16. Bg3 Nxg3 17. hxg3 Nc7 18. Qd3 Rad8 19. Rd1 Qa4 20. e5 g6 21. exf6 Rxf6 22. Qe4 cxd4 23. Qh4 Ne8 1-0

[Event "50th Ciudad Sevilla 2024"]
[Site "Sevilla"]
[Date "2025.01.14"]
[Round "5.20"]
[White "Kreken, Eivind Grunt"]
[Black "Lacrosse, Marc"]
[Result "1/2-1/2"]
[Annotator "TA"]
[ECO "C70"]
[WhiteElo "2302"]
[BlackElo "2065"]
[PlyCount "147"]
[EventDate "2025.01.10"]
[EventType "swiss"]
[EventCountry "ESP"]
[SourceTitle "playchess.com"]
[Source "ChessBase"]
[SourceQuality "1"]
[TimeControl "90+30"]

1. e4 e5 2. Nf3 Nc6 3. Bb5 a6 4. Ba4 Nge7 5. O-O Ng6 6. d4 exd4 7. Nxd4 Bc5 8. Nxc6 dxc6 9. Qxd8+ Kxd8 10. Nc3 Ke7 11. Re1 Rd8 12. Kf1 Bb4 13. Bb3 a5 14. a4 b6 15. f4 h5 16. Be3 Ba6+ 17. Kf2 Rd7 18. e5 (18. h3 $11) 18... Bxc3 (18... Nh4 $1 $15) 19. bxc3 $11 c5 20. g3 c4 21. Ba2 Ke6 22. h3 Ne7 23. g4 hxg4 24. hxg4 g6 25. Kg3 Rad8 (25... Rh8 $17) 26. Rf1 (26. Rh1 $11) 26... Nd5 $17 27. f5+ (27. Bd2 $17 {is a better defense.}) 27... gxf5 $1 $19 28. gxf5+ Kxe5 29. Bd4+ Kd6 30. Rae1 c5 31. Be5+ Kc6 32. f6 Rg8+ 33. Kf3 Rg5 34. Ke4 $2 (34. Rg1 Rxe5 35. Rxe5) 34... Rxe5+ 35. Kxe5 Nxc3 36. Bb1 Rd4 (36... Rd5+ $19 37. Kf4 Bc8 (37... Nxa4 38. Rf3 $17)) 37. Rf3 $17 Nxb1 (37... Nxa4 $17 38. c3 Rd6) 38. Rxb1 {[%emt 0:00:01][%mdl 4096] Endgame KRR-KRB} Bc8 39. Rg1 (39. c3 $11 Rd5+ 40. Kf4) 39... c3 40. Rxc3 Rxa4 41. Rd1 (41. Rb1 $11 {remains equal.}) 41... Rh4 42. Rd8 {[%emt 0:00:48] Inhibits a4.} Rh5+ 43. Ke4 Bf5+ 44. Kf4 Be6 45. Rf3 a4 46. Kg3 (46. Re8 $142 Rf5+ 47. Kg3 Rxf3+ 48. Kxf3 Bd5+ 49. Ke3) 46... b5 $19 47. Ra8 Kd5 48. Ra6 Rh3+ 49. Kf4 Rh4+ 50. Ke3 c4 (50... Ke5 $17 {...Rh2 is the strong threat.} 51. Ra5 Bc4 (51... Re4+ 52. Kd2 $17)) 51. Kd2 Rd4+ 52. Kc3 Rd1 (52... Kc5 53. Rxe6 b4+ (53... fxe6 54. f7 $16) 54. Kb2 a3+ (54... fxe6 55. f7 $16) 55. Kc1 fxe6 56. f7 $16) 53. Kb2 $2 (53. Rf4 $15) 53... b4 $1 (53... Kc5 $2 54. Rxe6 fxe6 55. f7 $18) 54. c3 a3+ $2 ({Worse is} 54... Rd2+ 55. Kc1 bxc3 56. Rxa4 $11) ({Black should play} 54... Ke4 $19 55. Rf2 Ke3) 55. Kc2 $11 Rh1 {[%emt 0:00:33] ( -> ...b3+)} 56. cxb4 Rh2+ 57. Kb1 Rh1+ 58. Ka2 Ke5 59. Rfxa3 Rh2+ 60. Kb1 Rh1+ 61. Kc2 Rh2+ 62. Kd1 Rh1+ 63. Ke2 Rh2+ 64. Kf3 Rb2 65. Re3+ Kxf6 66. Rb6 Kf5 (66... Rb3 $1 $11) 67. Rb5+ $16 Kf6 68. Ke4 Ke7 69. Ke5 {[%emt 0:00:20] Threatens to win with Rb7+.} Kd7 70. Kd4 Kc6 {[%emt 0:00:41] [#]} 71. Rb8 ({White has to play} 71. Ree5 $1 $16) 71... Kc7 $1 $11 72. Rb5 (72. Ra8 $11) 72... Kc6 $1 $16 {[%emt 0:00:10] [#]} 73. Rb8 (73. Ree5 $1 $16) 73... Kc7 $1 $11 74. Rb5 1/2-1/2

[Event "50th Ciudad Sevilla 2024"]
[Site "Sevilla"]
[Date "2025.01.15"]
[Round "6.1"]
[White "Iturrizaga Bonelli, Eduardo"]
[Black "Urazayev, Arystanbek"]
[Result "1/2-1/2"]
[Annotator "RC"]
[ECO "E73"]
[WhiteElo "2574"]
[BlackElo "2448"]
[PlyCount "62"]
[EventDate "2025.01.10"]
[EventType "swiss"]
[EventCountry "ESP"]
[SourceTitle "playchess.com"]
[Source "ChessBase"]
[SourceQuality "1"]
[TimeControl "5400+30"]

1. c4 Nf6 2. d4 g6 3. Nc3 Bg7 4. e4 d6 5. Be2 O-O 6. Be3 a5 7. h4 h5 8. f3 Nc6 9. d5 Ne5 10. Nh3 c6 11. Nf4 Nfd7 12. Rc1 Nb6 13. b3 a4 14. O-O axb3 15. axb3 Nbd7 16. Ra1 Rxa1 17. Qxa1 Nc5 18. b4 Na6 19. Qa3 c5 20. bxc5 Nxc5 21. g3 b6 22. Rb1 Bd7 23. Kg2 Qc7 24. Nb5 Qb7 25. Ra1 Qc8 26. Na7 Qc7 27. Nb5 Qc8 28. Na7 Qc7 29. Nb5 Qc8 30. Na7 Qc7 31. Nb5 Qc8 1/2-1/2

[Event "50th Ciudad Sevilla 2024"]
[Site "Sevilla"]
[Date "2025.01.15"]
[Round "6.2"]
[White "Makhnev, Denis"]
[Black "Del Rio De Angelis, Salvador G."]
[Result "1/2-1/2"]
[Annotator "RC"]
[ECO "A50"]
[WhiteElo "2532"]
[BlackElo "2403"]
[PlyCount "76"]
[EventDate "2025.01.10"]
[EventType "swiss"]
[EventCountry "ESP"]
[SourceTitle "playchess.com"]
[Source "ChessBase"]
[SourceQuality "1"]
[TimeControl "5400+30"]

1. c4 b6 2. d4 Nf6 3. Nf3 Bb7 4. g3 g6 5. Bg2 Bg7 6. O-O O-O 7. d5 b5 8. Qb3 Qc8 9. Qxb5 c6 10. dxc6 Bxc6 11. Qa5 Bb7 12. Qa3 d6 13. b3 a5 14. Nbd2 Nc6 15. Bb2 e5 16. Rfc1 Re8 17. Ng5 Nd4 18. Bxd4 exd4 19. Bxb7 Qxb7 20. Re1 Qb4 21. Qxb4 axb4 22. Kf1 h6 23. Nh3 Ng4 24. Nf4 d3 25. exd3 Bxa1 26. Rxa1 Nf6 27. d4 Ne4 28. Nxe4 Rxe4 29. Nd5 Rxd4 30. Nxb4 Rd2 31. Re1 Kf8 32. Re2 Rd1+ 33. Kg2 Re8 34. Rc2 Ree1 35. Nd5 Rc1 36. Rb2 Rb1 37. Rc2 Rbc1 38. Rb2 Rb1 1/2-1/2

[Event "50th Ciudad Sevilla 2024"]
[Site "Sevilla"]
[Date "2025.01.15"]
[Round "6.3"]
[White "Vignesh N R"]
[Black "Druska, Juraj"]
[Result "1/2-1/2"]
[Annotator "RC"]
[ECO "C42"]
[WhiteElo "2523"]
[BlackElo "2438"]
[PlyCount "45"]
[EventDate "2025.01.10"]
[EventType "swiss"]
[EventCountry "ESP"]
[SourceTitle "playchess.com"]
[Source "ChessBase"]
[SourceQuality "1"]
[TimeControl "5400+30"]

1. e4 e5 2. Nf3 Nf6 3. Nxe5 d6 4. Nf3 Nxe4 5. Bd3 Nf6 6. O-O Be7 7. c3 O-O 8. Bc2 Bg4 9. d4 c5 10. h3 Bh5 11. Re1 cxd4 12. g4 Bg6 13. Nxd4 Nc6 14. Nf5 Re8 15. Bg5 Qb6 16. Nxe7+ Nxe7 17. Bxf6 gxf6 18. Nd2 Qxb2 19. Ne4 Bxe4 20. Bxe4 d5 21. Bg2 Qxc3 22. Re3 Qc6 23. Qd2 1/2-1/2

[Event "50th Ciudad Sevilla 2024"]
[Site "Sevilla"]
[Date "2025.01.15"]
[Round "6.4"]
[White "Kvaloy, Aksel Bu"]
[Black "Song, Yuxin"]
[Result "1-0"]
[Annotator "RC"]
[ECO "A46"]
[WhiteElo "2487"]
[BlackElo "2384"]
[PlyCount "155"]
[EventDate "2025.01.10"]
[EventType "swiss"]
[EventCountry "ESP"]
[SourceTitle "playchess.com"]
[Source "ChessBase"]
[SourceQuality "1"]
[TimeControl "5400+30"]

1. d4 Nf6 2. Nf3 e6 3. Bf4 d5 4. e3 Bd6 5. Nbd2 O-O 6. c3 c5 7. Bd3 Qc7 8. Bxd6 Qxd6 9. Ne5 b6 10. Qe2 a5 11. h4 Ba6 12. Bxa6 Nxa6 13. h5 Nd7 14. h6 g6 15. Nxd7 Qxd7 16. O-O Nc7 17. Nf3 cxd4 18. exd4 f6 19. Rfe1 Rfe8 20. Nh2 Nb5 21. Ng4 Kf7 22. Qf3 Qe7 23. Qf4 g5 24. Qh2 Nd6 25. Re2 f5 26. Qh5+ Kg8 27. Ne5 Rac8 28. Rae1 Ne4 29. Kh2 g4 30. f3 Nf6 31. Qg5+ Kh8 32. Kh1 Rg8 33. Qh4 Qf8 34. Rf1 g3 35. Rfe1 b5 36. Kg1 b4 37. cxb4 axb4 38. Nd3 Rg6 39. Rxe6 Rxh6 40. Qxg3 Rc2 41. Nf4 Rxb2 42. R6e2 Rxe2 43. Rxe2 b3 44. axb3 Qa3 45. Qe1 Qxb3 46. Qc1 Qb6 47. Qe3 Qd6 48. Ra2 Qb8 49. Ra1 Ng8 50. Nxd5 Qh2+ 51. Kf2 Rc6 52. Qe5+ Qxe5 53. dxe5 Rc5 54. Rd1 Kg7 55. f4 Rc2+ 56. Kf3 Nh6 57. Ne3 Rc3 58. Kf2 Ra3 59. Rd7+ Kg6 60. g3 Ng4+ 61. Nxg4 fxg4 62. Rd8 Kf5 63. Rf8+ Ke4 64. e6 Ra2+ 65. Ke1 Kf3 66. f5 Re2+ 67. Kd1 Re5 68. Rd8 Kxg3 69. f6 Rxe6 70. f7 Rf6 71. f8=Q Rxf8 72. Rxf8 h5 73. Ke2 h4 74. Rg8 h3 75. Kf1 Kh2 76. Kf2 Kh1 77. Kg3 h2 78. Ra8 1-0

[Event "50th Ciudad Sevilla 2024"]
[Site "Sevilla"]
[Date "2025.01.15"]
[Round "6.5"]
[White "Xu, Minghui"]
[Black "Mitusov, Semen"]
[Result "1-0"]
[Annotator "RC"]
[ECO "D25"]
[WhiteElo "2428"]
[BlackElo "2463"]
[PlyCount "85"]
[EventDate "2025.01.10"]
[EventType "swiss"]
[EventCountry "ESP"]
[SourceTitle "playchess.com"]
[Source "ChessBase"]
[SourceQuality "1"]
[TimeControl "5400+30"]

1. d4 d5 2. Nf3 Nf6 3. c4 dxc4 4. e3 Bg4 5. Bxc4 e6 6. h3 Bh5 7. Nc3 Nc6 8. Be2 Be7 9. O-O O-O 10. b3 a6 11. Bb2 Bd6 12. Rc1 Re8 13. Nd2 Bxe2 14. Qxe2 e5 15. d5 Ne7 16. e4 Ng6 17. Nc4 h5 18. Qe3 h4 19. Ne2 Rc8 20. Rfd1 Nf4 21. Qf3 Nxe2+ 22. Qxe2 Qe7 23. Rc2 Red8 24. Bc1 Nh7 25. Qg4 Rb8 26. Bh6 Qf6 27. Be3 Bb4 28. f4 exf4 29. Bxf4 Qe7 30. e5 c6 31. e6 Nf6 32. Qxh4 Nxd5 33. exf7+ Qxf7 34. Bxb8 Rxb8 35. Kh1 Re8 36. Rf2 Qe6 37. Qh5 b5 38. Ne5 Bc5 39. Rf3 Rf8 40. Nxc6 Ne3 41. Qxc5 Rxf3 42. Rd8+ Kh7 43. Qh5+ 1-0

[Event "50th Ciudad Sevilla 2024"]
[Site "Sevilla"]
[Date "2025.01.15"]
[Round "6.6"]
[White "Isanzhulov, Arystan"]
[Black "Ilinca, Felix-Antonio"]
[Result "1-0"]
[Annotator "RC"]
[ECO "B13"]
[WhiteElo "2397"]
[BlackElo "2440"]
[PlyCount "51"]
[EventDate "2025.01.10"]
[EventType "swiss"]
[EventCountry "ESP"]
[SourceTitle "playchess.com"]
[Source "ChessBase"]
[SourceQuality "1"]
[TimeControl "5400+30"]

1. e4 c6 2. d4 d5 3. exd5 cxd5 4. Nf3 Nc6 5. c4 Nf6 6. h3 g6 7. c5 Bg7 8. Bb5 O-O 9. O-O Ne4 10. Nc3 Bf5 11. Qa4 Nxc3 12. bxc3 Qc7 13. Re1 Rac8 14. Bg5 Rfe8 15. Bh4 f6 16. Bg3 Qd7 17. Nh4 Be6 18. Rab1 Bf7 19. Nf3 b6 20. Qa6 bxc5 21. Ba4 e5 22. dxe5 fxe5 23. Rb7 Qd6 24. Ng5 Be6 25. Rxg7+ Kxg7 26. Bxe5+ 1-0

[Event "50th Ciudad Sevilla 2024"]
[Site "Sevilla"]
[Date "2025.01.15"]
[Round "6.7"]
[White "Troncoso Gutierrez, Adrian"]
[Black "Xu, Xiangyu"]
[Result "0-1"]
[Annotator "RC"]
[ECO "A37"]
[WhiteElo "2196"]
[BlackElo "2611"]
[PlyCount "92"]
[EventDate "2025.01.10"]
[EventType "swiss"]
[EventCountry "ESP"]
[SourceTitle "playchess.com"]
[Source "ChessBase"]
[SourceQuality "1"]
[TimeControl "5400+30"]

1. Nf3 g6 2. g3 Bg7 3. c4 c5 4. Nc3 Nc6 5. Bg2 d6 6. O-O Bf5 7. b3 e5 8. Bb2 Nge7 9. d3 Qd7 10. Ng5 h6 11. Nge4 Be6 12. Nb5 O-O 13. f4 f5 14. Nec3 Rad8 15. Nd5 Bxd5 16. cxd5 Nb4 17. Nc3 exf4 18. gxf4 Nbxd5 19. Nxd5 Bxb2 20. Rb1 Bg7 21. Nxe7+ Qxe7 22. Bd5+ Kh7 23. e4 fxe4 24. dxe4 Qh4 25. Qf3 g5 26. f5 Be5 27. Qg2 Rd7 28. Rbd1 g4 29. Rd2 Rg7 30. Rfd1 b5 31. Be6 h5 32. Kf1 Rc7 33. Rxd6 Bxd6 34. Rxd6 Qg5 35. Qd2 Qxd2 36. Rxd2 c4 37. bxc4 bxc4 38. Rc2 Kg7 39. e5 Rc5 40. Re2 Re8 41. Ke1 c3 42. Kd1 c2+ 43. Kc1 Rd8 44. f6+ Kf8 45. Rxc2 Rxc2+ 46. Kxc2 Re8 0-1

[Event "50th Ciudad Sevilla 2024"]
[Site "Sevilla"]
[Date "2025.01.15"]
[Round "6.8"]
[White "Agdestein, Simen"]
[Black "Balabayeva, Xeniya"]
[Result "1-0"]
[Annotator "RC"]
[ECO "B12"]
[WhiteElo "2564"]
[BlackElo "2249"]
[PlyCount "91"]
[EventDate "2025.01.10"]
[EventType "swiss"]
[EventCountry "ESP"]
[SourceTitle "playchess.com"]
[Source "ChessBase"]
[SourceQuality "1"]
[TimeControl "5400+30"]

1. e4 c6 2. d4 d5 3. e5 Bf5 4. Nf3 e6 5. Be2 c5 6. Be3 Qb6 7. Nc3 a6 8. O-O Qc7 9. Na4 c4 10. Nh4 Bg6 11. f4 Be7 12. Nxg6 hxg6 13. b3 b5 14. Nb2 Nc6 15. a4 Rb8 16. g4 Bb4 17. axb5 axb5 18. bxc4 bxc4 19. Na4 f5 20. c3 Be7 21. gxf5 gxf5 22. Bh5+ Kf8 23. Kh1 Na5 24. Rg1 Nb3 25. Ra2 Qc6 26. Rag2 g5 27. Nb2 Ra8 28. fxg5 Ra2 29. Qf3 Ba3 30. Nd1 Rxg2 31. Rxg2 Bc1 32. h4 Kg7 33. Rc2 Bxe3 34. Nxe3 Ne7 35. Ng2 Qb6 36. Kh2 Ra8 37. Nf4 Rh8 38. Kh3 Na1 39. Ra2 Nb3 40. Qd1 Rb8 41. Bf3 Ng6 42. Nxg6 Kxg6 43. h5+ Kg7 44. Qg1 Rg8 45. Qe3 Rf8 46. Qf4 1-0

[Event "50th Ciudad Sevilla 2024"]
[Site "Sevilla"]
[Date "2025.01.15"]
[Round "6.9"]
[White "Anand, Batsukh"]
[Black "Li, Di"]
[Result "0-1"]
[Annotator "RC"]
[ECO "A37"]
[WhiteElo "2234"]
[BlackElo "2544"]
[PlyCount "96"]
[EventDate "2025.01.10"]
[EventType "swiss"]
[EventCountry "ESP"]
[SourceTitle "playchess.com"]
[Source "ChessBase"]
[SourceQuality "1"]
[TimeControl "5400+30"]

1. Nf3 c5 2. c4 Nc6 3. Nc3 e5 4. g3 g6 5. Bg2 Bg7 6. d3 Nge7 7. O-O d6 8. a3 a5 9. Bg5 O-O 10. Ne1 Be6 11. Nc2 f6 12. Bd2 d5 13. cxd5 Nxd5 14. Nxd5 Bxd5 15. Bxd5+ Qxd5 16. Ne3 Qe6 17. Rc1 b6 18. Qa4 Nd4 19. Qd1 a4 20. Nc2 Nc6 21. Ne1 Rfd8 22. Nf3 Bf8 23. Qc2 b5 24. Be3 Rac8 25. Rfd1 g5 26. Qb1 Na5 27. Nd2 h6 28. Rc2 f5 29. f3 Qd5 30. Rdc1 Kh8 31. Rc3 Nb3 32. Nxb3 axb3 33. Re1 e4 34. fxe4 fxe4 35. dxe4 Qe6 36. Rd1 c4 37. Rcc1 Bg7 38. Kg2 Qe5 39. a4 Qxb2 40. axb5 Qxe2+ 41. Bf2 Rf8 42. Rf1 Bd4 43. e5 Bxf2 44. Qg6 Be1+ 45. Kh3 Qxf1+ 46. Kg4 Rf4+ 47. gxf4 Qxf4+ 48. Kh5 Qh4# 0-1